 Dungeon Crawl Stone Soup version 0.23.2-40-g277498a001 (webtiles) character file.

Game seed: 3758333097984895117

357 H0rd4k the Cutter (level 6, -10/44 HPs)
             Began as a Human Artificer on Aug 9, 2019.
             Was an Initiate of Gozag.
             Mangled by an ogre
             ... wielding a +0 giant club
              (22 damage)
             ... on level 4 of the Dungeon on Aug 19, 2019.
             The game lasted 00:05:39 (2897 turns).

H0rd4k the Cutter (Human Artificer)                 Turns: 2897, Time: 00:05:39

Health: -10/44     AC:  4    Str: 14    XL:     6   Next: 96%
Magic:  8/8        EV: 13    Int: 12    God:    Gozag
Gold:   203        SH:  0    Dex: 13    Spells: 5/5 levels left

rFire    . . .     SeeInvis .   q - +2 dagger (elec)
rCold    . . .     Gourm    .   (no shield)
rNeg     + . .     Faith    .   w - +2 robe {rN+}
rPois    .         Spirit   .   (no helmet)
rElec    .         Reflect  .   (no cloak)
rCorr    .         Harm     .   (no gloves)
MR       .....                  (no boots)
Stlth    ++........             (no amulet)
HPRegen  0.14/turn              (no ring)
MPRegen  0.11/turn              (no ring)

@: no status effects
A: no striking features
a: Potion Petition, Call Merchant, Bribe Branch, Renounce Religion


You were on level 4 of the Dungeon.
You worshipped Gozag.
Gozag was aware of your devotion.
You were not hungry.

You visited 2 branches of the dungeon, and saw 5 of its levels.

You collected 260 gold pieces.
You paid 57 gold pieces to Gozag.

Inventory:

Hand Weapons
 a - a +0 short sword
 q - a +2 dagger of electrocution (weapon)
 u - a cursed -1 hand axe
Missiles
 g - 9 poisoned needles
 y - 4 tomahawks (quivered)
Armour
 b - a +0 leather armour
 w - a +2 robe of positive energy (worn)
Wands
 c - a wand of flame (9)
 d - a wand of enslavement (15)
 e - a wand of random effects (7)
Scrolls
 h - 5 scrolls of remove curse
 m - a scroll of enchant armour {unknown}
 o - a scroll of fog {unknown}
 p - 6 scrolls of identify {unknown}
 r - a scroll of magic mapping {unknown}
 A - 2 scrolls of teleportation {unknown}
Potions
 i - a potion of flight {unknown}
 j - a potion of heal wounds {unknown}
 k - 2 potions of agility {unknown}
 l - a potion of might {unknown}
 n - 2 potions of haste {unknown}
 s - 2 potions of brilliance {unknown}
 t - a potion of magic {unknown}
 v - 2 potions of curing {unknown}
 x - a potion of lignification {unknown}
Comestibles
 f - 7 rations


   Skills:
 + Level 2.0 Fighting
 + Level 4.2 Short Blades
 + Level 2.4 Armour
 + Level 3.0 Dodging
 + Level 2.0 Stealth
 + Level 3.8 Evocations


You had 5 spell levels left.
You didn't know any spells.
Your spell library contained the following spells:

 Spells                   Type           Power        Failure   Level  Hunger
 Beastly Appendage        Tmut           #.....       32%         1    ##.....
 Corona                   Hex            #......      32%         1    ##.....
 Slow                     Hex            #.......     45%         2    ###....
 Sticks to Snakes         Tmut           #.......     45%         2    ###....
 Inner Flame              Hex/Fire       #.......     69%         3    ####...
 Portal Projectile        Hex/Tloc       #.....       69%         3    ####...
 Spider Form              Tmut/Pois      #.........   69%         3    ####...
 Cause Fear               Hex            #.........   97%         4    #####..
 Ice Form                 Ice/Tmut       #.......     97%         4    #####..
 Leda's Liquefaction      Hex/Erth       #.........   97%         4    #####..
 Blade Hands              Tmut           #.........   100%        5    ######.


Dungeon Overview and Level Annotations

Branches:
Dungeon (4/15)             Temple (1/1) D:4

Altars:
Ashenzari
Cheibriados
Dithmenos
Elyvilon
Gozag
Hepliaklqana
Kikubaaqudgha
Okawaru
Qazlal
Ru
Vehumet
Wu Jian
Zin
The Shining One


Message History

The fireball explodes!
The fireball engulfs the ogre!
The ogre is heavily wounded.
You hear an angry hiss.
You hit the ogre.
The ogre is heavily wounded.
The ogre misses you.
Evoke which item? (* to show all) (? for menu, Esc to quit)
Aiming: Random Effects
Press: ? - help, Shift-Dir - straight line, f/p - ogre
Aim: an ogre, wielding a +0 giant club (heavily wounded, fast)
The ogre flickers and vanishes!
Deactivating autopickup; reactivate with Ctrl-A.
Something hits you! Something hits you!!
* * * LOW HITPOINT WARNING * * *
As you read the scroll labeled RAUHOXYONE, it crumbles to dust.
You feel blessed for a moment.
It was a scroll of remove curse.
Something hits you!!
Ouch! That really hurt!
You die...
Your body crumbles into a pile of gold.

.##.# .##.#
#. .#
.##.#### #.
#.#
.#...... #.
#.# ....#
#.# #.#
....# ..
#.# ..[.#
#. #.#
.##.#
#.###.##
.##.#
#..@...#
###.#
#####..#
#.# #..#
#.# #..#
###.#
######..##
....###
#.........#
......#
..#######.#
####..# #.#
#..# #.#


There were no monsters in sight!

Vanquished Creatures
  A howler monkey (D:4)
  A crimson imp (D:3)
  A bullfrog skeleton (D:4)
  A worker ant (D:4)
  An orc wizard (D:3)
  10 adders
  3 gnolls (D:2)
  An adder skeleton (D:4)
  2 worms (D:3)
  2 dart slugs
  3 leopard geckos
  8 orcs
  2 giant cockroaches (D:1)
  6 hobgoblins
  3 jackals (D:4)
  7 kobolds
  A quokka (D:4)
  8 bats
  3 frilled lizards
  6 goblins
  A jackal skeleton (D:4)
  9 rats
80 creatures vanquished.

Notes
Turn   | Place    | Note
-------+----------+-------------------------------------------
     0 | D:1      | H0rd4k the Human Artificer began the quest for the Orb.
     0 | D:1      | Reached XP level 1. HP: 15/15 MP: 3/3
   255 | D:1      | Reached XP level 2. HP: 19/21 MP: 4/4
   539 | D:1      | Reached XP level 3. HP: 15/26 MP: 5/5
   869 | D:2      | Reached skill level 1 in Armour
   922 | D:2      | Reached skill level 2 in Short Blades
   922 | D:2      | Reached XP level 4. HP: 24/32 MP: 6/6
   951 | D:2      | Upgraded the game from 0.23.2-33-g5129a83184 to
                  | 0.23.2-40-g277498a001
  1437 | D:2      | Found a radiant altar of Vehumet.
  1743 | D:3      | Reached XP level 5. HP: 37/37 MP: 7/7
  1802 | D:3      | Reached skill level 3 in Short Blades
  2093 | D:3      | Reached XP level 6. HP: 22/44 MP: 8/8
  2307 | D:3      | Found an ornate altar of the Wu Jian Council.
  2570 | D:4      | Found a staircase to the Ecumenical Temple.
  2596 | Temple   | Entered the Ecumenical Temple
  2604 | Temple   | Became a worshipper of Gozag Ym Sagoz the Greedy
  2805 | D:4      | Reached skill level 4 in Short Blades
  2891 | D:4      | Noticed an ogre
  2897 | D:4      | Mangled by an ogre

Skill      XL: |  1  2  3  4  5  6 |
---------------+-------------------+-----
Armour         | 1 2 |  2.4
Short Blades   | 2 3 4 |  4.2
Fighting       | 2 |  2.0
Dodging        | 3 |  3.0
Stealth        | 2 |  2.0
Evocations     | |  3.8

Action                   |  1- 3 |  4- 6 || total
-------------------------+-------+-------++-------
Melee: Short sword       |    88 |     2 ||    90
       Dagger            |       |   152 ||   152
Evoke: Wand              |     8 |     6 ||    14
  Use: Scroll            |       |     1 ||     1
 Stab: Sleeping          |     1 |     3 ||     4
  Eat: Chunk             |       |     5 ||     5
       Ration            |       |     1 ||     1
Armor: Leather armour    |    13 |     2 ||    15
       Robe              |       |    30 ||    30
Dodge: Dodged            |    60 |    94 ||   154
